 Dungeon Crawl Stone Soup version 0.26-a0-639-g72c4674329 (webtiles) character file.

Game seed: 10286191430739736257

23046 KristoblXynda the Grappler (level 12, -8/96 HPs)
             Began as a Troll Hedge Wizard on Sept 17, 2020.
             Was an Elder of Ashenzari.
             Mangled by a manticore (17 damage)
             ... on level 13 of the Dungeon.
             The game lasted 00:30:32 (12447 turns).

KristoblXynda the Grappler (Troll Hedge Wizard)    Turns: 12447, Time: 00:30:33

Health: -8/96      AC: 10    Str: 21    XL:     12   Next: 68%
Magic:  11/16      EV: 13    Int: 13    God:    Ashenzari [****..]
Gold:   994        SH:  5    Dex: 10    Spells: 12/18 levels left

rFire    + . .     SeeInvis +   v - +3 scimitar (flame)
rCold    + . .     Faith    .   (no shield)
rNeg     . . .     Spirit   .   M - +1 troll leather armour (curse)
rPois    +         Reflect  +   c - +1 hat
rElec    .         Harm     .   H - scarf {rC+ rF+}
rCorr    .         Rampage  .   (gloves unavailable)
MR       .....     Clarity  +   (boots unavailable)
Stlth    +.........             B - amulet of reflection (curse)
HPRegen  1.06/turn              r - ring of poison resistance
MPRegen  0.15/turn              C - ring of wizardry (curse)

@: barbed spikes
A: large, unfitting armour, claws 3, regeneration 1, shaggy fur 1, tough skin 3
a: Curse Item, Scrying, Renounce Religion


You were on level 13 of the Dungeon.
You worshipped Ashenzari.
Ashenzari was greatly pleased with you.
You visited 2 branches of the dungeon, and saw 14 of its levels.
You visited 1 bazaar.
You also visited: Ossuary.

You collected 1130 gold pieces.
You spent 136 gold pieces at shops.

Inventory:

Hand Weapons
 v - a +3 scimitar of flaming (weapon)
 z - a +1 morningstar of protection
Armour
 c - a +1 hat (worn)
 H - a scarf of resistance (worn)
 M - a cursed +1 troll leather armour (worn)
Jewellery
 q - an uncursed ring of wizardry
 r - a ring of poison resistance (left claw)
 w - an uncursed ring of protection from magic
 B - a cursed amulet of reflection (around neck)
 C - a cursed ring of wizardry (right claw)
 G - a +6 ring of intelligence
 J - the ring of Lininead {+Fly Int+2 Dex+2}
   (You found it on level 12 of the Dungeon)

   [ring of flight]

   It affects your intelligence (+2).
   It affects your dexterity (+2).
   It lets you fly.
Wands
 n - a wand of iceblast (13)
 x - a wand of paralysis (13)
 E - a wand of disintegration (29)
Scrolls
 a - 11 scrolls of teleportation
 b - 3 scrolls of identify
 f - 4 scrolls of fear
 h - 4 scrolls of enchant weapon
 i - 5 scrolls of remove curse
 k - a scroll of enchant armour
 l - 5 scrolls of blinking
 m - 5 scrolls of amnesia
 o - a scroll of magic mapping
 y - a scroll of fog
 K - a scroll of vulnerability
Potions
 d - 2 potions of flight
 e - a potion of cancellation
 g - 3 potions of mutation
 j - 5 potions of curing
 p - a potion of stabbing
 s - 2 potions of ambrosia
 t - 4 potions of haste
 u - 2 potions of brilliance
 D - 4 potions of might
 L - a potion of invisibility
Miscellaneous
 I - a box of beasts (3/3)


   Skills:
 - Level 5.4 Armour
 + Level 9.1 Dodging
 - Level 1.0 Stealth
 + Level 12.2 Unarmed Combat
 + Level 3.7 Spellcasting
 - Level 7.6(9.9) Conjurations
 - Level 4.0(6.1) Hexes
   Level 0.6(1.7) Summonings
   Level 0.6(1.7) Translocations


You had 12 spell levels left.
You knew the following spells:

 Your Spells              Type           Power        Failure   Level
b - Mephitic Cloud        Conj/Pois/Air  ##......     7%          3
c - Tukima's Dance        Hex            ###.....     2%          3

Your spell library contained the following spells:

 Spells                   Type           Power        Failure   Level
 Corona                   Hex            ###....      1%          1
 Magic Dart               Conj           ####         1%          1
 Slow                     Hex            ###.....     1%          2
 Dazzling Flash           Conj/Hex       ###...       1%          3
 Confusing Touch          Hex            ###.....     2%          3
 Conjure Flame            Conj/Fire      ###.....     3%          3
 Apportation              Tloc           #.....       4%          1
 Summon Small Mammal      Summ           #...         4%          1
 Ensorcelled Hibernation  Hex/Ice        ##....       4%          2
 Iskenderun's Battlesphe  Conj           ####....     4%          5
 Blink                    Tloc           N/A          8%          2
 Call Imp                 Summ           #.......     8%          2
 Animate Skeleton         Necr           #.....       9%          1
 Beastly Appendage        Tmut           #.....       9%          1
 Wereblood                Tmut           #.......     13%         2
 Spider Form              Tmut/Pois      #.........   26%         3
 Bolt of Magma            Conj/Fire/Erth ##........   52%         5
 Ice Form                 Ice/Tmut       #.......     61%         4
 Orb of Destruction       Conj           ####......   77%         7
 Iron Shot                Conj/Erth      ###.......   86%         6
 Blade Hands              Tmut           #.........   91%         5
 Spellforged Servitor     Conj/Summ      ###.......   99%         7


Dungeon Overview and Level Annotations

Branches:
Dungeon (13/15)            Temple (1/1) D:7            Lair (0/6) D:11
    Orc (0/2) D:12        Ossuary (visited)
 Vaults: D:13-14

Altars:
Ashenzari
Cheibriados
Dithmenos
Elyvilon
Fedhas
Gozag
Hepliaklqana
Kikubaaqudgha
Makhleb
Nemelex Xobeh
Okawaru
Qazlal
Ru
Sif Muna
Trog
Uskayaw
Vehumet
Wu Jian
Xom
Yredelemnul
Zin
The Shining One

Annotations:
D:9 2 transporters


Innate Abilities, Weirdness & Mutations

You are too large for most types of armour.
You have claws for hands.
Your natural rate of healing is unusually fast.
You are covered in fur. (AC +1)
You have extremely tough skin. (AC +3)


Message History

The seven-headed hydra bites you! The seven-headed hydra bites you.
The seven-headed hydra closely misses you.
The seven-headed hydra barely misses you.
The seven-headed hydra bites you!
* * * LOW HITPOINT WARNING * * *
Unknown command.
Unknown command.
You chop one of the seven-headed hydra's heads off!
The flame cauterises the wound!
You slash the six-headed hydra! You burn the six-headed hydra.
You claw the six-headed hydra!!
The six-headed hydra is severely wounded.
The six-headed hydra misses you.
The six-headed hydra closely misses you.
The six-headed hydra bites you!
* * * LOW HITPOINT WARNING * * *
The six-headed hydra closely misses you.
The six-headed hydra misses you. The six-headed hydra bites you!
* * * LOW HITPOINT WARNING * * *
The manticore bites you!
You die...

, , .##..# * , , ..... , ,
,,, , .... , , ,... ,+, ,*
, , .. * ,, ,, * ######.#
, *, , ,, ,,,,,*
#....#°###.##* ** +** ,, ,
#....@H...... ,,,,,, * , ,
,, #....#D...... , , ,,
,,, *#....######## ,*#####
, , *,
#..........#######...# *
*,,+..........'..........
, *
,+,,#..........#..........
,, *
#..........########### ,
,. ,########..............
#+##..,,* , ,,
,#..............


You could see a six-headed hydra and a manticore (confused).

Vanquished Creatures
  Josephine (D:9)
  Erica (D:10)
  A hydra (D:12)
  The ghost of Forgol the Carver, a novice PaFi of Qazlal (D:8)
  A centaur warrior (D:13)
  3 two-headed ogres
  3 unseen horrors
  Pikel (D:8)
  3 ugly things
  A manticore (D:11)
  A centaur zombie (D:9)
  Maurice (D:10)
  Joseph (D:7)
  A gargoyle (D:12)
  2 centaur skeletons
  Maggie (D:8)
  4 trolls
  A queen bee (D:11)
  Grinder (D:4)
  A hornet (D:11)
  5 hippogriffs
  4 wraiths
  A water elemental (D:11)
  3 yaks (D:11)
  2 wyverns
  A steam dragon (D:12)
  2 vampire mosquitoes (D:13)
  A soldier ant (D:13)
  2 necrophages
  3 ice beasts
  7 orc warriors
  2 black bears
  3 sky beasts
  3 phantoms
  5 ogres
  9 centaurs
  2 wolves (D:11)
  2 big kobolds
  2 lemures (D:8)
  A wyvern zombie (D:12)
  6 bullfrogs
  A gnoll sergeant (D:6)
  2 scorpions (D:9)
  33 killer bees
  11 wights
  3 howler monkeys
  5 electric eels
  2 bullfrog zombies (D:6)
  3 jellies
  A human zombie (Ossuary)
  9 hounds
  10 orc wizards
  2 bullfrog skeletons
  6 orc priests
  Crazy Yiuf (D:7)
  6 iguanas
  Natasha (twice) (D:2)
  6 worker ants
  A big kobold zombie (Ossuary)
  A hound zombie (D:5)
  5 mummies
  5 gnolls (D:6)
  2 worker ant zombies (D:8)
  17 adders
  A shadow imp (D:4)
  2 white imps
  3 ufetubi
  An ooze (D:4)
  3 adder skeletons
  3 worms
  5 dart slugs
  A leopard gecko (D:9)
  37 orcs
  9 bats
  5 giant cockroaches
  7 goblins
  3 hobgoblins
  8 jackals
  17 kobolds
  2 quokkas
  2 ball pythons
  6 frilled lizards
  4 goblin zombies
  3 hobgoblin zombies (Ossuary)
  A jackal skeleton (D:8)
  3 kobold zombies (Ossuary)
  A leopard gecko zombie (D:8)
  A quokka skeleton (D:4)
  2 quokka zombies
  10 rats
370 creatures vanquished.

Vanquished Creatures (collateral kills)
  An orc warrior (D:9)
1 creature vanquished.

Vanquished Creatures (others)
  A plant (D:3)
1 creature vanquished.

Grand Total: 372 creatures vanquished

Notes
Turn   | Place    | Note
-------+----------+-------------------------------------------
     0 | D:1      | KristoblXynda the Troll Hedge Wizard began the quest for
                  | the Orb.
     0 | D:1      | Reached XP level 1. HP: 16/16 MP: 2/2
    79 | D:1      | Reached skill level 1 in Conjurations
    89 | D:1      | Reached XP level 2. HP: 24/24 MP: 4/4
   123 | D:1      | Reached skill level 1 in Unarmed Combat
   776 | D:2      | Reached XP level 3. HP: 27/31 MP: 5/5
   878 | D:2      | Found a hide-covered altar of Uskayaw.
   878 | D:2      | Noticed a +0 hand axe
   878 | D:2      | Noticed a +0 hand axe
   890 | D:2      | Noticed Natasha
   896 | D:2      | Killed Natasha
   950 | D:2      | Reached XP level 4. HP: 14/39 MP: 6/6
   952 | D:2      | Reached skill level 2 in Unarmed Combat
  1462 | D:2      | Noticed Natasha
  1474 | D:2      | Killed Natasha
  1474 | D:2      | Reached XP level 5. HP: 44/45 MP: 7/7
  1802 | D:2      | Found a bloodstained altar of Trog.
  1922 | D:3      | Found a transporter.
  1937 | D:3      | Found a transporter.
  2054 | D:3      | Reached skill level 3 in Unarmed Combat
  2119 | D:3      | Found an iron altar of Okawaru.
  2464 | D:4      | Found a sand-covered staircase.
  2473 | Ossuary  | Entered an ossuary
  2473 | Ossuary  | Noticed a wraith
  2473 | Ossuary  | Noticed a wraith
  2473 | Ossuary  | Noticed a wraith
  2501 | Ossuary  | Reached XP level 6. HP: 26/53 MP: 8/8
  2587 | Ossuary  | Noticed a wraith
  2605 | Ossuary  | Killed a wraith
  2626 | Ossuary  | Learned a level 3 spell: Mephitic Cloud
  2879 | Ossuary  | Reached skill level 4 in Unarmed Combat
  2879 | Ossuary  | Reached XP level 7. HP: 44/59 MP: 9/9
  3013 | D:4      | Noticed Grinder
  3061 | D:4      | Paralysed by Grinder for 5 turns
  3066 | D:4      | Killed Grinder
  3401 | D:4      | Found a shadowy altar of Dithmenos.
  3647 | D:5      | Entered Level 5 of the Dungeon
  3654 | D:5      | Reached skill level 5 in Unarmed Combat
  3715 | D:5      | Reached XP level 8. HP: 67/67 MP: 10/10
  3807 | D:5      | Found a glowing silver altar of Zin.
  4176 | D:5      | Found a glowing golden altar of the Shining One.
  4333 | D:6      | Found a shattered altar of Ashenzari.
  4340 | D:6      | Became a worshipper of Ashenzari the Shackled
  4348 | D:6      | Found a shimmering altar of Xom.
  4348 | D:6      | Found a sparkling altar of Nemelex Xobeh.
  4381 | D:6      | Found a shimmering blue altar of Sif Muna.
  4435 | D:6      | Reached skill level 5 in Dodging
  4671 | D:6      | Reached skill level 6 in Unarmed Combat
  4979 | D:6      | Reached skill level 5 in Conjurations
  5345 | D:7      | Found a hazy altar of Hepliaklqana.
  5372 | D:7      | Noticed Joseph
  5382 | D:7      | Reached XP level 9. HP: 31/73 MP: 11/11
  5389 | D:7      | Killed Joseph
  5480 | D:7      | Reached * piety under Ashenzari
  5579 | D:7      | Reached skill level 7 in Unarmed Combat
  5704 | D:7      | Found a runed translucent door.
  5705 | D:7      | Noticed Crazy Yiuf
  5710 | D:7      | Killed Crazy Yiuf
  5849 | D:7      | Found a staircase to the Ecumenical Temple.
  5870 | Temple   | Entered the Ecumenical Temple
  6315 | D:8      | Found a transporter.
  6316 | D:8      | Noticed Forgol's ghost (novice PaFi)
  6567 | D:8      | Learned a level 3 spell: Tukima's Dance
  6652 | D:8      | Found a basalt altar of Yredelemnul.
  6789 | D:8      | Found a transporter.
  6797 | D:8      | Reached skill level 8 in Unarmed Combat
  7005 | D:8      | Reached XP level 10. HP: 79/80 MP: 12/12
  7315 | D:8      | Noticed Maggie
  7334 | D:8      | Killed Maggie
  7431 | D:8      | Noticed Pikel
  7491 | D:8      | Killed Pikel
  7491 | D:8      | Reached skill level 1 in Armour
  7624 | D:8      | Found a snail-covered altar of Cheibriados.
  7677 | D:9      | Reached ** piety under Ashenzari
  7946 | D:9      | Reached skill level 9 in Unarmed Combat
  8190 | D:9      | Noticed an orc sorcerer
  8191 | D:9      | Found a sacrificial altar of Ru.
  8331 | D:9      | Found a transporter.
  8339 | D:9      | Found a transporter.
  8474 | D:8      | Noticed a two-headed ogre
  8484 | D:8      | Killed a two-headed ogre
  8598 | D:8      | Killed Forgol's ghost
  8602 | D:8      | Reached XP level 11. HP: 12/88 MP: 13/13
  8763 | D:10     | Entered Level 10 of the Dungeon
  8772 | D:10     | Killed an unseen horror
  8781 | D:10     | Noticed Josephine
  8785 | D:10     | Noticed a two-headed ogre
  8806 | D:9      | Killed Josephine
  8806 | D:9      | Reached skill level 10 in Unarmed Combat
  8806 | D:9      | Reached skill level 1 in Hexes
  9033 | D:10     | Killed a two-headed ogre
  9131 | D:10     | Reached skill level 5 in Armour
  9255 | D:10     | Reached *** piety under Ashenzari
  9258 | D:10     | Noticed Erica
  9269 | D:10     | Killed Erica
  9291 | D:10     | Noticed Maurice
  9304 | D:10     | Killed Maurice
  9600 | D:11     | Reached skill level 11 in Unarmed Combat
  9765 | D:11     | Found a staircase to the Lair.
  9787 | D:11     | Found a flickering gateway to a bazaar.
  9793 | Bazaar   | Entered a bazaar
  9828 | Bazaar   | Found Gyl Nig's Gadget Shop.
  9883 | Bazaar   | Found Mops's General Store.
  9933 | Bazaar   | Bought a potion of cancellation for 136 gold pieces
 10216 | D:11     | Noticed a two-headed ogre
 10227 | D:11     | Killed a two-headed ogre
 10227 | D:11     | Reached XP level 12. HP: 55/96 MP: 7/14
 11068 | D:12     | Identified the ring of Lininead {+Fly Int+2 Dex+2}
 11203 | D:12     | Noticed a seven-headed hydra
 11231 | D:12     | Killed a one-headed hydra
 11544 | D:12     | Reached **** piety under Ashenzari
 11558 | D:12     | Found a staircase to the Orcish Mines.
 12050 | D:13     | Noticed a centaur warrior
 12067 | D:13     | Killed a centaur warrior
 12067 | D:13     | Reached skill level 12 in Unarmed Combat
 12440 | D:13     | Noticed an eight-headed hydra
 12447 | D:13     | Mangled by a manticore

Illustrated notes

Levels and vault maps discovered:
D:1:      minmay_arrival_loop, layout_loops_ring
D:2:      layout_loops_corners, dancing_weapons_uskayaw,
          lemuel_coloured_pillars_altar, kennysheep_doodads,
          minmay_three_crescents, uniq_natasha
D:3:      gammafunk_steamed_eel, layout_basic, okawaru_trees_2
D:4:      layout_basic, enter_ossuary_4, grunt_dithmenos_shadows, uniq_grinder
D:5:      layout_rooms, zin_academy, nicolae_tso_swordbearing_angel
D:6:      layout_basic, minitemple
D:7:      layout_loops_cross, overflow_temple_1_default,
          minmay_temple_entry_butterflies, uniq_crazy_yiuf_cottage, uniq_joseph
D:8:      layout_basic, lemuel_round_altar, slow_altar_2,
          gammafunk_ghost_mausoleum, uniq_maggie, uniq_pikel
D:9:      layout_cave_pools, gammafunk_temple_overflow_arena, serial_park,
          serial_park_square2, minmay_strange_pillars
D:10:     layout_big_octagon, uniq_maurice, uniq_josephine, uniq_erica
D:11:     layout_cave_pods, erik_lair_island, special_room [special_room_bee],
          serial_shops, bzr_entry_safe
D:12:     layout_gridville, david_orc_2, hangedman_decor_riveting
D:13:     layout_gridville, kennysheep_windowed_goal, uniq_kirke
Temple:   cyrus_temple_forest

Skill      XL: |  1  2  3  4  5  6  7  8  9 10 11 12 |
---------------+-------------------------------------+-----
Conjurations   | 1 2 3 4 5 6 7 |  7.6
Unarmed Combat | 1 2 3 4 5 6 8 9 11 12 | 12.2
Dodging        | 2 3 4 5 7 8 9 |  9.1
Armour         | 3 5 |  5.4
Hexes          | 3 4 |  4.0
Spellcasting   | 3 |  3.7
Stealth        | |  1.0
Summonings     | |  0.6
Translocations | |  0.6

Action                   |  1- 3 |  4- 6 |  7- 9 | 10-12 || total
-------------------------+-------+-------+-------+-------++-------
Melee: Unarmed           |    95 |   206 |   406 |   794 ||  1501
       Punch             |       |     4 |    10 |    35 ||    49
       Scimitar          |       |       |       |    13 ||    13
 Cast: Mephitic Cloud    |       |       |       |    19 ||    19
       Tukima's Dance    |       |       |       |     5 ||     5
Invok: Curse Item        |       |       |     2 |     1 ||     3
Evoke: Wand              |       |     2 |       |    23 ||    25
  Use: Scroll            |       |     8 |     8 |     9 ||    25
       Potion            |       |     1 |     2 |     7 ||    10
 Stab: Sleeping          |     1 |     1 |       |     2 ||     4
       Distracted        |     1 |       |     1 |       ||     2
       Confused          |       |       |       |     7 ||     7
       Paralysed         |       |       |       |    12 ||    12
Armor: Robe              |    58 |    80 |   116 |     4 ||   258
       Skin              |       |    28 |    35 |    63 ||   126
       Steam dragon scal |       |       |       |   234 ||   234
       Troll leather arm |       |       |       |     8 ||     8
Dodge: Dodged            |    52 |    99 |   213 |   494 ||   858
Block: Other             |       |       |    60 |   158 ||   218
       Reflection        |       |       |     2 |       ||     2

Table legend: (Time is in decaauts)
 A = Elapsed time spent in this place.
 B = Non-inter-level travel time spent in this place.
 C = Inter-level travel time spent in this place.
 D = Time resting spent in this place.
 E = Time spent auto-exploring this place.
 F = Levels seen in this place.
 G = Mean time per level.
                   A        B        C        D        E       F      G
               +--------+--------+--------+--------+--------+-----+--------+
         Total |  12328 |  11950 |    378 |   1618 |   6297 |  16 |  770.5 |
       Dungeon |  11630 |  11276 |    354 |   1553 |   6184 |  13 |  894.6 |
        Temple |     96 |     72 |     24 |      0 |     71 |   1 |   96.0 |
        Bazaar |    158 |    158 |      0 |      0 |     23 |   1 |  158.0 |
       Ossuary |    442 |    442 |      0 |     65 |     19 |   1 |  442.0 |
               +--------+--------+--------+--------+--------+-----+--------+

Top non-repeatable levels by time:
     D:8: 1840 daAuts
    D:11: 1247 daAuts
     D:2: 1067 daAuts
    D:12: 1059 daAuts
     D:6: 941 daAuts
     D:7: 838 daAuts
     D:9: 805 daAuts
     D:4: 763 daAuts
     D:1: 763 daAuts
    D:10: 624 daAuts
     D:5: 613 daAuts
     D:3: 600 daAuts
    D:13: 464 daAuts
 Ossuary: 442 daAuts
  Bazaar: 158 daAuts
